 Dungeon Crawl Stone Soup version 0.27-a0-1557-g57f10a385c (webtiles) character file.

Game seed: 2349735980764677909

278033 duskshroud the Executioner (level 19, -19/189 HPs)
             Began as a Minotaur Berserker on July 15, 2021.
             Was the Champion of Trog.
             Shot with a bolt by a yaktaur captain (24 damage)
             ... on level 2 of the Vaults on July 16, 2021.
             The game lasted 03:07:30 (42420 turns).

duskshroud the Executioner (Minotaur Berserker)    Turns: 42420, Time: 03:07:30

Health: -19/189    AC: 19    Str: 28    XL:     19   Next: 62%
Magic:  6/6        EV: 17    Int:  8    God:    Trog [******]
Gold:   2557       SH: 18    Dex: 25    Spells: 18/18 levels left

rFire    + + +     SeeInvis .   a - +6 broad axe (antimagic)
rCold    + + .     Faith    +   V - +2 shield of Resistance {rF++ rC++ Will++}
rNeg     . . .     Spirit   .   Q - +0 swamp dragon scales
rPois    +         Reflect  .   (helmet restricted)
rElec    +         Harm     .   D - scarf {rC+ rF+}
rCorr    +         Rampage  +   i - +1 pair of gloves
Will     +++..                  J - +2 pair of boots {rampage}
Stlth    ++++......             p - amulet "Loab" {Faith Rampage Str+4 Dex+3}
HPRegen  0.41/turn              c - ring "Qiguyclo" {Fire rElec}
MPRegen  0.10/turn              t - ring of Mofies {rCorr Int+4 Dex+6 Stlth+}

@: on berserk cooldown, slowed, very slow
A: horns 2, retaliatory headbutt
}: 2/15 runes: decaying, serpentine
a: Renounce Religion, Berserk, Trog's Hand, Brothers in Arms


You were on level 2 of the Vaults.
You worshipped Trog.
Trog was exalted by your worship.
You visited 6 branches of the dungeon, and saw 34 of its levels.
You also visited: Ossuary.

You collected 3177 gold pieces.
You spent 620 gold pieces at shops.

Inventory:

Hand Weapons
 a - a +6 antimagic broad axe (weapon)
 b - a +1 broad axe of flaming
 S - a +3 vorpal broad axe
Missiles
 d - 6 curare-tipped darts
 n - 4 atropa-tipped darts
 s - 517 bolts
 y - 791 arrows
 A - 103 poisoned darts (quivered)
 E - 8 boomerangs of dispersal
 P - 595 stones
Armour
 i - a +1 pair of gloves (worn)
 x - a +2 cloak of poison resistance
 D - a scarf of resistance (worn)
 J - a +2 pair of boots of rampaging (worn)
 K - a +0 plate armour
 Q - +0 swamp dragon scales (worn)
 V - the +2 shield of Resistance (worn) {rF++ rC++ Will++}
   (You found it on level 11 of the Dungeon)

   rF:        It greatly protects you from fire.
   rC:        It greatly protects you from cold.
   Will:      It greatly increases your willpower.
Jewellery
 c - the ring "Qiguyclo" (left hand) {Fire rElec}
   (You took it off a tengu conjurer on level 14 of the Dungeon)

   [ring of fire]

   It enhances your fire magic.
   rF:        It protects you from fire.
   rC:        It makes you vulnerable to cold.
   rElec:     It insulates you from electricity.
 h - a ring of flight
 o - a ring of see invisible
 p - the amulet "Loab" (around neck) {Faith Rampage Str+4 Dex+3}
   (You found it on level 14 of the Dungeon)

   [amulet of faith]

   It allows you to gain divine favour quickly.
   Str:       It affects your strength (+4).
   Dex:       It affects your dexterity (+3).
   Rampage:   It bestows one free step when moving towards enemies.
 t - the ring of Mofies (right hand) {rCorr Int+4 Dex+6 Stlth+}
   (You took it off a tengu conjurer on level 14 of the Dungeon)

   [ring of dexterity]

   Int:       It affects your intelligence (+4).
   Dex:       It affects your dexterity (+6).
   rCorr:     It protects you from acid and corrosion.
   Stlth:     It makes you more stealthy.
 B - a ring of poison resistance
Scrolls
 f - 15 scrolls of teleportation
 g - 2 scrolls of blinking
 j - 8 scrolls of magic mapping
 l - 13 scrolls of fog
 m - 2 scrolls of acquirement
 q - 2 scrolls of silence
 u - a scroll of holy word
 v - 2 scrolls of fear
 C - 5 scrolls of identify
 G - a scroll of summoning
 X - 2 scrolls of brand weapon
Potions
 e - 10 potions of curing
 k - 6 potions of heal wounds
 r - a potion of magic
 w - 6 potions of flight
 z - 5 potions of ambrosia
 I - 5 potions of might
 M - a potion of berserk rage
 N - 4 potions of haste
 R - a potion of resistance
 U - 2 potions of cancellation
 Z - a potion of invisibility


   Skills:
 + Level 21.0 Fighting
 * Level 25.5 Axes
 + Level 17.8 Armour
 - Level 6.5 Dodging
 * Level 5.5 Stealth
 - Level 15.0 Shields


You had 18 spell levels left.
You didn't know any spells.
Your spell library was empty.

Dungeon Overview and Level Annotations

Branches:
Dungeon (15/15)            Temple (0/1) D:5            Lair (6/6) D:10
  Swamp (4/4) Lair:4        Snake (4/4) Lair:4        Slime (3/5) Lair:5
    Orc (0/2) D:12         Vaults (2/5) D:13         Depths (0/5) D:15
Ossuary (visited)
  Crypt: Vaults:2-3

Altars:
Ashenzari
Cheibriados
Gozag
Kikubaaqudgha
Nemelex Xobeh
Ru
Sif Muna
Trog
Uskayaw
Vehumet
Xom
Yredelemnul
Zin
The Shining One
Jiyva

Shops:
D:2 =   D:5 =   Snake:1 :((   Vaults:2 [*

Annotations:
Slime:2 Dissolution
Vaults:2 3 runed translucent doors, Tewud's ghost, journeyman FeIE


Innate Abilities, Weirdness & Mutations

You have a pair of horns on your head.
You reflexively headbutt those who attack you in melee.


Message History

* * * LOW HITPOINT WARNING * * *
You are encased in ice.
The ironbound frostheart calls freezing cold from the walls.
The frost grips you. You partially resist.
* * * LOW HITPOINT WARNING * * *
The ironbound frostheart calls freezing cold from the walls.
The frost grips you!! You partially resist.
* * * LOW HITPOINT WARNING * * *
You are no longer berserk.
You are exhausted.
You feel yourself slow down.
The ironbound frostheart calls freezing cold from the walls.
The frost grips you!! You partially resist.
* * * LOW HITPOINT WARNING * * *
Blink to where?
Press: ? - help, Dir - move target A yaktaur captain comes into view.
It is wielding a +0 quarterstaff.
As you read the scroll of blinking, it crumbles to dust.
The yaktaur captain moves out of view.
The ice encasing you melts away.
You feel much better.
There is an open door here.
You block the yaktaur captain's attack.
The yaktaur captain hits you but does no damage.
You open the yaktaur captain like a pillowcase!!!
You headbutt the yaktaur captain.
The yaktaur captain is heavily wounded.
You hear a shout!
The yaktaur captain hits you with a +0 quarterstaff!!
* * * LOW HITPOINT WARNING * * *
Blink to where?
Press: ? - help, Dir - move target A vault guard comes into view.
It is wielding a +1 battleaxe.
As you read the scroll of blinking, it crumbles to dust.
The vault guard misses you. You furiously retaliate!
You headbutt the vault guard!
The yaktaur captain unwields a +0 quarterstaff.
The yaktaur captain wields a +0 arbalest.
The yaktaur captain shoots a bolt.
The bolt hits you!!
You die...

#....###....# '.
#...........#
#'#########..#.....#..#
#........##.##..<..##.#
#........##..#.....#..#
#........##...........#
#........##....###....#
#.....p..##.....#.....#
#####
#......@.##....)......#
....#
########'###'##########
....# #.......#
##..#############.......#
.#..#...........'.......#
p#..#........)..#.......#
.#..#...........+.......#
(#..#...........#....c§.#
.#..#...........######'##


You could see a yaktaur captain and a vault guard.

Vanquished Creatures
  Vashnia (Snake:2)
  Jorgrun (Snake:3)
  2 acid blobs (Slime:1)
  3 sphinxes (Vaults:1)
  A rockslime (Slime:2)
  2 fire giants (Vaults:1)
  10 nagarajas
  A deep elf sorcerer (Vaults:2)
  A tengu reaver (Vaults:2)
  4 vault wardens
  12 ironbound preservers
  2 stone giants
  A dire elephant (Vaults:1)
  Azrael (D:15)
  An entropy weaver (Vaults:2)
  3 bunyips
  A deep elf death mage (Vaults:2)
  A great orb of eyes (Vaults:2)
  5 boulder beetles
  2 yaktaur captains (Vaults:1)
  A vault guard (Vaults:2)
  26 hydras
  An ironbound thunderhulk (Vaults:1)
  Erica (D:9)
  An ogre mage (D:15)
  23 naga warriors
  7 centaur warriors
  3 ghost crabs
  5 ironbound frosthearts
  8 anacondas
  9 alligators
  6 catoblepae
  11 two-headed ogres
  A tengu warrior (D:13)
  A death knight (D:14)
  A vampire mage (D:15)
  Urug (D:11)
  13 death yaks
  An ironbound beastmaster (Vaults:1)
  5 shock serpents
  14 naga sharpshooters
  7 salamander mystics
  4 skeletal warriors
  8 goliath frogs
  A golden dragon zombie (D:15)
  29 deep trolls
  6 spriggan druids
  8 swamp dragons
  6 naga ritualists
  13 bog bodies
  4 phantasmal warriors
  2 deep elf pyromancers
  4 wizards (Vaults:1)
  A harpy (Vaults:1)
  8 ironbound convokers (Vaults:1)
  5 mana vipers
  3 necromancers
  20 ugly things
  7 cyclopes
  4 manticores
  13 salamanders
  5 will-o-the-wisps
  10 elephants (Lair:6)
  31 black mambas
  11 guardian serpents
  21 naga magi
  9 vault sentinels
  An eye of devastation (Slime:2)
  A gargoyle (D:11)
  A torpor snail (Lair:5)
  15 cane toads
  2 unseen horrors
  2 rime drakes
  2 freezing wraiths (D:14)
  An efreet (D:14)
  9 komodo dragons
  2 spectral nagas (Snake:4)
  4 tengu conjurers (D:14)
  8 yaktaurs
  5 trolls
  5 tyrant leeches
  4 polar bears
  A hornet (shapeshifter) (D:14)
  17 slime creatures
  8 blink frogs
  A fire dragon zombie (D:15)
  5 hornets
  An ice dragon zombie (D:15)
  2 centaur simulacra
  A redback (Vaults:2)
  A spriggan (shapeshifter) (D:13)
  5 spriggans
  2 fire elementals (D:15)
  2 wyverns
  5 wraiths
  46 yaks
  2 shadows (D:11)
  A steam dragon (D:8)
  3 golden eyes (Slime:1)
  7 basilisks
  17 vampire mosquitoes
  Menkaure (D:4)
  18 swamp worms
  2 acid dragons
  3 wargs (D:10)
  3 hell hounds (D:15)
  59 nagas
  15 water moccasins
  An orc warrior (D:9)
  2 ice beasts (D:6)
  7 swamp drakes
  2 sky beasts (D:6)
  A black bear (D:7)
  2 necrophages
  14 wolves
  7 ogres
  4 centaurs
  A phantom (D:7)
  2 kobold brigands
  8 bullfrogs
  2 gnoll sergeants (D:9)
  2 wyvern zombies
  4 scorpions
  3 water moccasin zombies (Ossuary)
  A water moccasin skeleton (D:4)
  3 killer bees
  A tengu skeleton (D:15)
  5 wights (D:8)
  A howler monkey (D:11)
  An electric eel (Lair:4)
  6 bullfrog zombies
  A crimson imp (D:5)
  3 hounds
  Crazy Yiuf (D:2)
  7 orc priests
  A bullfrog skeleton (D:6)
  A gnoll shaman (D:7)
  7 centaur zombies
  10 mummies (Ossuary)
  A scorpion zombie (D:5)
  12 iguanas
  13 orc wizards
  2 killer bee zombies (Ossuary)
  8 howler monkey zombies
  Robin (D:2)
  A howler monkey skeleton (D:7)
  3 adders
  17 gnolls
  3 white imps
  An ufetubus (D:4)
  An adder zombie (D:3)
  2 worms
  A dart slug (D:3)
  28 orcs
  5 ball pythons
  8 bats
  13 endoplasms
  5 giant cockroaches
  19 goblins
  8 hobgoblins
  3 jackals (D:5)
  4 quokkas
  4 frilled lizards
  12 kobolds
  3 rats
1013 creatures vanquished.

Vanquished Creatures (collateral kills)
  An anaconda (Snake:2)
  A two-headed ogre (D:10)
  A death yak (Lair:3)
  A shock serpent (Snake:2)
  A troll (D:10)
  A water moccasin (Lair:3)
  A centaur (D:10)
  An orc priest (D:10)
  An orc wizard (D:10)
  An orc (D:10)
10 creatures vanquished.

Vanquished Creatures (others)
  An ugly thing (D:14)
  A tengu conjurer (D:14)
  A hornet (Swamp:3)
  A slime creature (D:14)
  A naga (Snake:4)
  A swamp worm (Swamp:4)
  A bush (Lair:6)
  16 foxfires
  40 fungi
  62 plants
  11 withered plants
136 creatures vanquished.

Grand Total: 1159 creatures vanquished

Notes
Turn   | Place    | Note
-------+----------+-------------------------------------------
     0 | D:1      | duskshroud the Minotaur Berserker began the quest for the
                  | Orb.
     0 | D:1      | Reached XP level 1. HP: 19/19 MP: 0/0
    68 | D:1      | Reached skill level 4 in Axes
    91 | D:1      | Reached XP level 2. HP: 19/27 MP: 1/1
   766 | D:2      | Found an opulent altar of Gozag.
   777 | D:2      | Reached ** piety under Trog
   888 | D:2      | Reached XP level 3. HP: 33/33 MP: 2/2
   893 | D:2      | Reached skill level 5 in Axes
  1006 | D:2      | Noticed Robin
  1017 | D:2      | Reached XP level 4. HP: 41/41 MP: 3/3
  1021 | D:2      | Killed Robin
  1209 | D:2      | Found Oggusav's Jewellery Shoppe.
  1578 | D:2      | Found a runed translucent door.
  1579 | D:2      | Noticed Crazy Yiuf
  1584 | D:2      | Killed Crazy Yiuf
  1659 | D:3      | Found a faded altar of an unknown god.
  1895 | D:3      | Reached XP level 5. HP: 47/47 MP: 4/4
  1923 | D:3      | Reached *** piety under Trog
  2027 | D:3      | Reached skill level 6 in Axes
  2049 | D:3      | Noticed a necrophage
  2058 | D:3      | Killed a necrophage
  2059 | D:3      | Reached skill level 5 in Fighting
  2630 | D:4      | Noticed Menkaure
  2638 | D:4      | Killed Menkaure
  2639 | D:4      | Reached skill level 7 in Axes
  2639 | D:4      | Reached XP level 6. HP: 56/56 MP: 5/5
  2782 | D:4      | Reached skill level 8 in Axes
  2785 | D:4      | Reached XP level 7. HP: 61/61 MP: 6/6
  3105 | D:4      | Reached skill level 9 in Axes
  3354 | D:4      | Found a bloodstained altar of Trog.
  3566 | D:5      | Entered Level 5 of the Dungeon
  3791 | D:5      | Noticed a two-headed ogre
  3807 | D:5      | Reached skill level 1 in Stealth
  3812 | D:5      | Killed a two-headed ogre
  3813 | D:5      | Reached skill level 10 in Axes
  3813 | D:5      | Reached XP level 8. HP: 62/70 MP: 7/7
  3996 | D:5      | Reached skill level 11 in Axes
  4011 | D:5      | Found a staircase to the Ecumenical Temple.
  4175 | D:5      | Found a hide-covered altar of Uskayaw.
  4400 | D:5      | Found a radiant altar of Vehumet.
  4404 | D:5      | Found a glowing golden altar of the Shining One.
  4412 | D:5      | Found a broken altar of Ashenzari.
  4429 | D:5      | Found Levaut's Jewellery Shop.
  4480 | D:5      | Reached XP level 9. HP: 75/78 MP: 8/8
  4572 | D:5      | Identified the ring of the Chupacabra {rCorr Dex+4}
  5329 | D:6      | Found a shimmering blue altar of Sif Muna.
  5340 | D:6      | Reached skill level 12 in Axes
  5341 | D:6      | Reached **** piety under Trog
  5480 | D:6      | Reached skill level 13 in Axes
  5689 | D:6      | Reached skill level 14 in Axes
  5804 | D:6      | Found a sacrificial altar of Ru.
  6111 | D:7      | Reached skill level 15 in Axes
  6195 | D:7      | Found an ancient bone altar of Kikubaaqudgha.
  6331 | D:7      | Found a shimmering altar of Xom.
  6753 | D:8      | Reached XP level 10. HP: 86/86 MP: 9/9
  6961 | D:8      | Found a sand-covered staircase.
  6970 | Ossuary  | Entered an ossuary
  7043 | Ossuary  | Reached skill level 16 in Axes
  7111 | Ossuary  | Reached ***** piety under Trog
  8115 | D:9      | Noticed Erica
  8370 | D:9      | Killed Erica
  8371 | D:9      | Reached skill level 17 in Axes
  8832 | D:9      | Found a snail-covered altar of Cheibriados.
  8890 | D:9      | Noticed a two-headed ogre
  8898 | D:9      | Killed a two-headed ogre
  8950 | D:9      | Found a basalt altar of Yredelemnul.
  8971 | D:9      | Reached XP level 11. HP: 86/97 MP: 10/10
  9247 | D:10     | Entered Level 10 of the Dungeon
  9294 | D:10     | Noticed a two-headed ogre
  9350 | D:10     | Noticed a centaur warrior
  9357 | D:10     | Killed a centaur warrior
  9358 | D:10     | Reached skill level 18 in Axes
  9381 | D:10     | Reached skill level 10 in Fighting
  9448 | D:10     | Killed a two-headed ogre
  9508 | D:10     | Found a staircase to the Lair.
  9552 | D:10     | Found a glowing silver altar of Zin.
  9964 | D:11     | Reached skill level 10 in Armour
  9970 | D:11     | Noticed Urug
  9982 | D:11     | Killed Urug
 10736 | D:11     | Noticed a deep elf pyromancer
 10750 | D:11     | Killed a deep elf pyromancer
 10798 | D:11     | Found the +2 shield of Resistance {rF++ rC++ Will++}
 10822 | D:11     | Reached skill level 1 in Shields
 10826 | D:11     | Identified the +3 hunting sling "Foh Jaq" {freeze, Int+4}
 11687 | Lair:1   | Entered Level 1 of the Lair of Beasts
 11697 | Lair:1   | Reached skill level 5 in Shields
 12015 | Lair:1   | Reached XP level 12. HP: 110/110 MP: 11/11
 13783 | Lair:3   | Reached skill level 10 in Shields
 13815 | Lair:3   | Noticed a death yak
 13816 | Lair:3   | Noticed a death yak
 13816 | Lair:3   | Noticed a death yak
 13816 | Lair:3   | Noticed a death yak
 13817 | Lair:3   | Noticed a death yak
 13817 | Lair:3   | Noticed a death yak
 13822 | Lair:3   | Killed a death yak
 13829 | Lair:3   | Killed a death yak
 13830 | Lair:3   | Killed a death yak
 13833 | Lair:3   | Killed a death yak
 13834 | Lair:3   | Killed a death yak
 13849 | Lair:3   | Killed a death yak
 14380 | Lair:4   | Found a staircase to the Snake Pit.
 14683 | Lair:4   | Found a staircase to the Swamp.
 15370 | Lair:4   | Identified the +12 short sword of Execution {speed, rElec
                  | rC+ Stlth+}
 15376 | Swamp:1  | Entered Level 1 of the Swamp
 15416 | Swamp:1  | Noticed an eight-headed hydra
 15499 | Lair:5   | Reached XP level 13. HP: 116/116 MP: 12/12
 15586 | Lair:5   | Identified the +7 morningstar of the Smoking Sybil
                  | {antimagic, rPois rC+ Dex-5}
 16330 | Lair:5   | Found a staircase to the Slime Pits.
 16331 | Lair:5   | Found a viscous altar of Jiyva.
 16550 | Snake:1  | Entered Level 1 of the Snake Pit
 16688 | Snake:1  | Found Wufait's Weapon Emporium.
 16716 | Snake:1  | Reached skill level 15 in Shields
 16757 | Snake:1  | Found Zoamuy's Antique Weapon Emporium.
 16757 | Snake:1  | Found Arghaowk's Book Shoppe.
 17069 | Lair:6   | Entered Level 6 of the Lair of Beasts
 17129 | Lair:6   | Reached skill level 19 in Axes
 17720 | Lair:6   | Reached XP level 14. HP: 103/127 MP: 13/13
 19824 | D:12     | Found a staircase to the Orcish Mines.
 20394 | D:13     | Found a gate to the Vaults.
 20399 | D:13     | Reached skill level 20 in Axes
 21894 | D:14     | Reached XP level 15. HP: 122/139 MP: 14/14
 22219 | D:15     | Entered Level 15 of the Dungeon
 22798 | D:14     | Identified the ring of Naklox {rC+ Int+6}
 22802 | D:14     | Identified the ring "Qiguyclo" {Fire rElec}
 22809 | D:14     | Identified the ring of Mofies {rCorr Int+4 Dex+6 Stlth+}
 22814 | D:14     | Reached skill level 15 in Fighting
 22839 | D:14     | Identified the amulet "Loab" {Faith Rampage Str+4 Dex+3}
 23332 | D:15     | Found a sparkling altar of Nemelex Xobeh.
 23787 | D:15     | Received a gift from Trog
 23880 | D:15     | Noticed Azrael
 23899 | D:15     | Killed Azrael
 24147 | D:15     | Found a staircase to the Depths.
 24920 | Snake:1  | Reached skill level 15 in Armour
 26080 | Snake:2  | Reached ****** piety under Trog
 26568 | Snake:2  | Reached XP level 16. HP: 142/152 MP: 5/15
 26614 | Snake:2  | Received a gift from Trog
 27005 | Snake:2  | Reached skill level 21 in Axes
 27442 | Snake:2  | Noticed Vashnia
 27744 | Snake:2  | Killed Vashnia
 27745 | Snake:2  | Reached skill level 5 in Dodging
 28255 | Snake:3  | Noticed Jorgrun
 28511 | Snake:3  | Killed Jorgrun
 30244 | Snake:4  | Entered Level 4 of the Snake Pit
 30265 | Snake:4  | Identified the +4 executioner's axe "Necer" {flame, rPois
                  | rC+ rCorr} (Trog gifted it to you on level 4 of the Snake
                  | Pit)
 30265 | Snake:4  | Received a gift from Trog
 31420 | Snake:4  | Reached XP level 17. HP: 159/163 MP: 5/16
 31664 | Snake:4  | Reached skill level 22 in Axes
 31666 | Snake:4  | Received a gift from Trog
 33848 | Snake:4  | Got a serpentine rune of Zot
 34705 | Swamp:1  | Reached skill level 23 in Axes
 36720 | Swamp:3  | Reached XP level 18. HP: 142/176 MP: 5/17
 37105 | Swamp:4  | Entered Level 4 of the Swamp
 37108 | Swamp:4  | Identified the +1 ring mail of Activism {rElec rC- Slay+2
                  | SInv}
 37487 | Swamp:3  | Received a gift from Trog
 37791 | Swamp:4  | Got a decaying rune of Zot
 37799 | Swamp:4  | Identified 2 scrolls of acquirement
 38804 | Slime:1  | Entered Level 1 of the Pits of Slime
 38828 | Slime:1  | Reached skill level 24 in Axes
 39023 | Slime:2  | Noticed Dissolution
 39298 | Vaults:1 | Entered Level 1 of the Vaults
 39672 | Vaults:1 | Received a gift from Trog
 40219 | Vaults:1 | Received a gift from Trog
 40235 | Vaults:1 | Reached XP level 19. HP: 142/187 MP: 6/18
 41238 | Vaults:1 | Reached skill level 25 in Axes
 41449 | Vaults:2 | Found a runed translucent gate.
 41450 | Vaults:2 | Found a runed translucent gate.
 41451 | Vaults:2 | Found a runed translucent gate.
 41452 | Vaults:2 | Noticed Tewud's ghost (journeyman FeIE)
 41506 | Vaults:2 | Received a gift from Trog
 41714 | Vaults:2 | Reached skill level 5 in Stealth
 42112 | Vaults:2 | Found Weibups's Armour Boutique.
 42237 | Vaults:2 | Found Hiheesam's Assorted Antiques.
 42252 | Vaults:2 | Bought a scroll of teleportation for 93 gold pieces
 42252 | Vaults:2 | Bought a potion of cancellation for 248 gold pieces
 42252 | Vaults:2 | Bought 2 scrolls of identify for 124 gold pieces
 42252 | Vaults:2 | Bought a scroll of identify for 62 gold pieces
 42252 | Vaults:2 | Bought a potion of curing for 93 gold pieces
 42410 | Vaults:2 | Received a gift from Trog
 42413 | Vaults:2 | HP: 2/189 [ironbound frostheart/creeping frost (24)]
 42419 | Vaults:2 | HP: 5/189 [yaktaur captain (24)]
 42420 | Vaults:2 | Shot with a bolt by a yaktaur captain

Illustrated notes

Levels and vault maps discovered:
D:1:      dpeg_arrival_arbitrary_b, layout_rooms, st_stairs_1
D:2:      layout_basic, basic_altar, serial_shops, shop, moated_statue,
          serial_bayou_pond_e, uniq_crazy_yiuf_cottage, uniq_robin
D:3:      layout_basic, hellmonk_ecumenical_altar_pennies_from_heaven,
          minmay_diced_spiral
D:4:      layout_basic, mainiacjoe_overflow_paths, uniq_menkaure
D:5:      mumra_celtic_spiral_tile, layout_loops_ring, kennysheep_little_box,
          grunt_temple_overflow_diamond, minmay_temple_entry_drinking_statues,
          serial_shops, nicolae_lakefront_shop, palyth_stone_intersect,
          hex_tiny, minmay_fire_ice_demons
D:6:      layout_rooms, nicolae_ru_great_annihilating_truth,
          minmay_ruined_shrine
D:7:      layout_basic, mainiacjoe_overflow_surrounded_room,
          brannock_xom_greatest_gift
D:8:      layout_basic, nicolae_ossuary_entry_ruins
D:9:      layout_basic, cheibrodos_worm_habitat, mainiacjoe_overflow_boulevard,
          uniq_erica
D:10:     layout_cave_pools, mainiacjoe_overflow_chevrons,
          erik_lair_orcish_takeover, serial_column_ruins,
          column_ruins_hut_ruined, column_ruins_open_small,
          column_ruins_open_medium, column_ruins_open_small,
          column_ruins_corridor_corner, minmay_microvault
D:11:     layout_layer_cave, minmay_diamond_spiral, uniq_urug
D:12:     layout_roguey
D:13:     layout_stronghold, david_vaults_1
D:14:     minmay_the_grid_triangle_9x9_rhombus_thin
          [minmay_the_grid_triangle_9x9_longest,
          minmay_the_grid_triangle_9x9_prize_special,
          minmay_the_grid_triangle_9x9_stretched_checkered,
          minmay_the_grid_triangle_9x9_checkered], layout_small_grid
D:15:     gammafunk_depths_entry_grave, layout_long_grid,
          portal_ice_cave_entry_pillars_three, lemuel_crystal_altar, uniq_azrael
Lair:1:   layout_loops_ring, minmay_stone_trees_medium
Lair:2:   layout_regular_city
Lair:3:   layout_chaotic_city, grunt_megastairs_2
Lair:4:   layout_loops_ring, swamp_mist_pool, guppyfry_snake_entry_island,
          infiniplex_staircase_pool_2
Lair:5:   layout_long_grid, slime_altar_1, minmay_shattered_shrine
Lair:6:   evilmike_catoblepas_cave, layout_cellular_growth,
          gauntlet_entry_generic
Swamp:1:  layout_basic_swamp, nicolae_swamp_some_circles
Swamp:2:  layout_basic_swamp, evilmike_swamp_ruin_house_2
Swamp:3:  layout_falls_marsh, nicolae_swamp_round_clearing
Swamp:4:  grunt_swamp_rune_castle, layout_basic_swamp
Snake:1:  layout_onion, serial_shops, shop, minmay_shoptagon
Snake:2:  layout_grid_shapes, st_stairs_5, uniq_vashnia
Snake:3:  layout_rooms, nicolae_snake_shapes, uniq_jorgrun
Snake:4:  johnstein_snake_rune_scales, layout_grid_maze,
          nicolae_snake_ghostly_warrior_ritual
Slime:1:  layout_caves
Slime:2:  layout_caves, cheibrodos_slime_lost_civilization_4, uniq_dissolution
Slime:3:  cheibrodos_slime_lost_civilization_2, layout_caves
Vaults:1: nicolae_vaults_windows_and_doors_thing, vaults_room_hallway,
          v_rooms_1, v_misc_25, st_star, ontoclasm_vaults_spin,
          nicolae_vaults_network_star, vaults_room_corners,
          nicolae_vaults_little_ls, nicolae_vaults_mini_display_case,
          vaults_dpeg_hooks, nicolae_vaults_little_squares_4,
          layout_vaults_quadrants
Vaults:2: gammafunk_vaults_ghost_split, vaults_room_fancy_cross,
          hangedman_vaults_nodes, vaults_room_mumra_shop_pool,
          grunt_vaults_hallway_short, dpeg_vaults_monster_doublerow,
          vaults_room_stairs_pillars, vaults_room_pool, vaults_room_door_ring,
          ontoclasm_vaults_pinch, vaults_room_grunt_arrival_checkpoint,
          v_misc_8, layout_vaults_maze_snakey, serial_shops, shop, shop

Skill      XL: |  1  2  3  4  5  6  7  8  9 10 11 12 13 14 15 16 17 18 19 |
---------------+----------------------------------------------------------+-----
Axes           | 4 5 7 8 10 11 15 17 18 19 20 21 23 24 25 | 25.5
Fighting       | 4 5 6 7 9 11 12 14 16 17 19 20 21 | 21.0
Armour         | 3 6 7 8 10 11 13 15 16 17 | 17.8
Stealth        | 1 2 3 5 |  5.5
Shields        | 6 13 15 | 15.0
Dodging        | 3 6 |  6.5

Action                   |  1- 3 |  4- 6 |  7- 9 | 10-12 | 13-15 | 16-18 | 19-21 || total
-------------------------+-------+-------+-------+-------+-------+-------+-------++-------
Melee: Hand axe          |    60 |    89 |   113 |       |       |       |       ||   262
       Headbutt          |     9 |    28 |    61 |   205 |   436 |   403 |    93 ||  1235
       War axe           |       |       |   128 |   732 |   963 |       |       ||  1823
       Flail             |       |       |       |       |    49 |       |       ||    49
       Broad axe         |       |       |       |       |   199 |  1102 |   243 ||  1544
       Executioner's axe |       |       |       |       |       |    61 |       ||    61
Invok: Berserk           |     2 |     4 |     2 |     9 |    16 |    16 |     2 ||    51
       Trog's Hand       |       |     1 |     7 |    22 |    12 |    15 |       ||    57
       Brothers in Arms  |       |       |       |     4 |     1 |     1 |       ||     6
Evoke: Wand              |       |       |       |     1 |       |       |       ||     1
  Use: Potion            |       |       |       |     3 |     3 |     6 |     1 ||    13
       Scroll            |       |       |       |     2 |    25 |    15 |     3 ||    45
 Stab: Distracted        |       |       |     1 |     1 |       |     3 |       ||     5
       Paralysed         |       |       |     1 |       |       |       |       ||     1
       Petrifying        |       |       |       |       |     3 |       |       ||     3
       Petrified         |       |       |       |       |     1 |       |       ||     1
       Sleeping          |       |       |       |       |       |    11 |     8 ||    19
Armor: Animal skin       |     7 |       |       |       |       |       |       ||     7
       Ring mail         |     7 |    19 |    21 |       |       |       |       ||    47
       Chain mail        |       |       |    30 |       |       |       |       ||    30
       Plate armour      |       |       |    23 |   253 |   400 |   268 |       ||   944
       Swamp dragon scal |       |       |       |       |       |    74 |    38 ||   112
Dodge: Dodged            |    31 |    38 |   133 |   254 |   255 |   325 |    98 ||  1134
Block: Kite shield       |       |       |       |   174 |   809 |   802 |   164 ||  1949

Table legend: (Time is in decaauts)
 A = Elapsed time spent in this place.
 B = Non-inter-level travel time spent in this place.
 C = Inter-level travel time spent in this place.
 D = Time resting spent in this place.
 E = Time spent auto-exploring this place.
 F = Levels seen in this place.
 G = Mean time per level.
                   A        B        C        D        E       F      G
               +--------+--------+--------+--------+--------+-----+--------+
         Total |  42190 |  39763 |   2427 |  11524 |  17092 |  35 | 1205.4 |
       Dungeon |  16910 |  15659 |   1251 |   2419 |   9044 |  15 | 1127.3 |
          Lair |   7823 |   7044 |    779 |   1803 |   3006 |   6 | 1303.8 |
         Swamp |   4428 |   4280 |    148 |   1485 |   1521 |   4 | 1107.0 |
     Snake Pit |   9396 |   9150 |    246 |   4603 |   2130 |   4 | 2349.0 |
    Slime Pits |    269 |    269 |      0 |    182 |      0 |   3 |   89.7 |
        Vaults |   3013 |   3013 |      0 |   1031 |   1390 |   2 | 1506.5 |
       Ossuary |    349 |    349 |      0 |      0 |      0 |   1 |  349.0 |
               +--------+--------+--------+--------+--------+-----+--------+

Top non-repeatable levels by time:
 Snake:4: 3683 daAuts
 Snake:2: 2365 daAuts
 Snake:1: 2321 daAuts
  Lair:4: 2260 daAuts
Vaults:1: 2045 daAuts
    D:14: 1987 daAuts
    D:11: 1790 daAuts
     D:5: 1520 daAuts
  Lair:5: 1434 daAuts
 Swamp:4: 1314 daAuts
     D:8: 1229 daAuts
    D:13: 1222 daAuts
    D:15: 1158 daAuts
  Lair:6: 1133 daAuts
  Lair:1: 1118 daAuts
